 Dungeon Crawl Stone Soup version 0.31-a0-259-g771a54ca4b (webtiles) character file.

Game seed: 4261409761108241432

46 qw the Shooter (level 3, -2/21 HPs)
             Began as a Gargoyle Hexslinger on July 13, 2023.
             Slain by an orc
             ... wielding a +0 falchion
              (4 damage)
             ... on level 2 of the Dungeon.
             The game lasted 00:00:28 (1454 turns).

qw the Shooter (Gargoyle Hexslinger)                Turns: 1454, Time: 00:00:29

Health: -2/21      AC:  6    Str: 11    XL:     3   Next: 66%
Magic:  4/4        EV: 11    Int: 13    God:
Gold:   70         SH:  0    Dex: 14    Spells: 3/4 levels left

rFire   . . .        Y - +1 sling
rCold   . . .        (no shield)
rNeg    + . .        f - +0 leather armour
rPois   inf          (no helmet)
rElec   +            (no cloak)
rCorr   .            (no gloves)
SInv    .            (no boots)
Will    .....        (no amulet)
Stlth   +            (no ring)
HPRegen 0.23/turn    (no ring)
MPRegen 0.09/turn

%: no passive effects
@: no status effects
A: sickness immunity, AC +3, negative energy resistance 1, electricity
resistance, torment resistance 1, petrification resistance
a: no special abilities


You were on level 2 of the Dungeon.
You visited 1 branch of the dungeon, and saw 2 of its levels.

You collected 70 gold pieces.


Innate Abilities, Weirdness & Mutations

You are immune to sickness and miasma.
Your stone body is resilient. (AC +3)
You are immune to poison.
You resist negative energy. (rN+)
You are resistant to electric shocks. (rElec)
You are resistant to unholy torment.
You are immune to petrification.


   Skills:
 - Level 2.0 Fighting
 + Level 3.5 Ranged Weapons
 - Level 1.5 Dodging
 - Level 1.0 Spellcasting
 - Level 2.6 Hexes


You had 3 spell levels left.
You knew the following spells:

 Your Spells              Type           Power      Damage    Failure   Level
a - Slow                  Hex            28%        N/A       12%         1

Your spell library contained the following spells:

 Spells                   Type           Power      Damage    Failure   Level
 Inner Flame              Hex/Fire       4%         N/A       54%         3
 Portal Projectile        Hex/Tloc       8%         N/A       54%         3
 Cause Fear               Hex            3%         N/A       77%         4

Inventory:

Hand Weapons
 Y - a +1 sling (weapon)
Armour
 f - a +0 leather armour (worn)
Scrolls
 c - 3 scrolls of fog {unknown}
 m - 2 scrolls of identify
Potions
 a - a potion of mutation {unknown}
 b - a potion of experience {unknown}
 e - a potion of lignification {unknown}
 g - a potion of magic {unknown}
 h - a potion of degeneration {unknown}
 i - a potion of might
 n - a potion of curing {unknown}

Dungeon Overview and Level Annotations

Branches:
Dungeon (2/15)

Altars:
Gozag

Shops:
D:2 =


Message History

An orc priest comes into view. It is wielding a +0 flail.
You shoot a sling bullet. The sling bullet barely misses the orc.
The orc priest shouts!
You shoot a sling bullet. The sling bullet barely misses the orc.
The orc hits you with a +0 short sword.
You shoot a sling bullet. The sling bullet barely misses the orc.
The orc hits you but does no damage. The orc barely misses you.
You shoot a sling bullet. The sling bullet hits the orc.
You kill the orc!
The orc priest mumbles some strange prayers to Beogh against you.
Beogh smites you!
Ouch! That really hurt!
You shoot a sling bullet. The sling bullet hits the orc.
The orc is severely wounded.
The orc barely misses you. x2; The orc closely misses you.
You shoot a sling bullet. The sling bullet hits the orc.
The orc is almost dead.
The orc barely misses you. The orc hits you but does no damage.
You shoot a sling bullet. The sling bullet barely misses the orc.
The orc hits you but does no damage. x2
You shoot a sling bullet.
The sling bullet closely misses the orc.
The orc hits you with a +0 falchion. The orc barely misses you.
You shoot a sling bullet.
The sling bullet completely misses the orc.
The orc hits you with a +0 falchion. The orc closely misses you.
The orc barely misses you. The orc misses you.
You shoot a sling bullet. The sling bullet hits the orc!
You kill the orc!
You shoot a sling bullet.
The sling bullet barely misses the orc priest.
The orc hits you with a +0 falchion.
The orc priest looks satisfied for a moment.
You shoot a sling bullet. The sling bullet hits the orc priest!
The orc priest is heavily wounded.
The orc hits you but does no damage. The orc priest misses you.
You shoot a sling bullet. The sling bullet hits the orc priest.
The orc priest is severely wounded.
The orc hits you with a +0 falchion.
You die...

#. #. #. ##.# #.
##... #. ##.... #.
#.# ##....) #o###
#.# #...... #o@.#
#.# #..... ###.#
#.# #.... #.#
#.#####...< #.#
#..........
##.#####....##...#
#.................
#..#####.....##...
#..# #..........
##..## #..........


You could see an orc priest and an orc.

Vanquished Creatures
  3 worms (D:2)
  2 dart slugs
  2 orcs (D:2)
  4 ball pythons
  4 endoplasms
  A goblin (D:1)
  5 hobgoblins
  2 jackals (D:2)
  A quokka (D:1)
  3 bats
  A rat (D:1)
28 creatures vanquished.

Notes
Turn   | Place    | Note
-------+----------+-------------------------------------------
     0 | D:1      | qw the Gargoyle Hexslinger began the quest for the Orb.
     0 | D:1      | Reached XP level 1. HP: 12/12 MP: 2/2
     0 | D:1      | 0 ||| qw: Version: 0.3-a-52-g30416fa
     0 | D:1      | 0 ||| qw: Game counter: 6914
     0 | D:1      | 0 ||| qw: Melee chars always use a shield: true
     0 | D:1      | 0 ||| qw: God list: Okawaru
     0 | D:1      | 0 ||| qw: Allow faded altars: false
     0 | D:1      | 0 ||| qw: Do Orc after clearing Dungeon:15 true
     0 | D:1      | 0 ||| qw: Do second Lair branch before Depths: true
     0 | D:1      | 0 ||| qw: Lair rune preference: random
     0 | D:1      | 0 ||| qw: Goals: Normal
     0 | D:1      | 0 ||| PLANNING D:1-11
   152 | D:1      | Reached XP level 2. HP: 6/16 MP: 3/3
   252 | D:1      | Reached skill level 3 in Ranged Weapons
   977 | D:1      | 977 ||| UPGRADING to +0 leather armour.
   987 | D:1      | 987 ||| DROPPING +0 robe.
   988 | D:1      | 988 ||| READING scroll labelled ALEIRU ZUQE UMYZU.
   993 | D:1      | 993 ||| READING scroll labelled QILA WUJUSU.
   994 | D:1      | 994 ||| READING 2 scrolls labelled NOFFAR ZAGIY.
   995 | D:1      | 995 ||| READING 2 scrolls labelled IDDEIL RIANANY.
   996 | D:1      | 996 ||| READING scroll labelled BAVVIFR XOARERY.
   997 | D:1      | 997 ||| DRINKING 2 silvery potions.
   998 | D:1      | 998 ||| DRINKING 2 coppery potions.
   999 | D:1      | 999 ||| DROPPING scroll of poison.
  1000 | D:1      | 1000 ||| DROPPING potion of invisibility.
  1001 | D:1      | 1001 ||| DROPPING scroll of blinking.
  1018 | D:2      | Found Fomick's Jewellery Shoppe.
  1040 | D:2      | Reached XP level 3. HP: 21/21 MP: 4/4
  1044 | D:2      | 1044 ||| SHOPLISTING ring of fire (325 gold, have 57).
  1044 | D:2      | 1044 ||| SHOPLISTING ring of resist corrosion (260 gold,
                  | have 57).
  1054 | D:2      | Found an opulent altar of Gozag.
  1450 | D:2      | HP: 4/21 [orc/+0 falchion (2)]
  1454 | D:2      | Slain by an orc

Levels and vault maps discovered:
D:1:      saegor_arrival_simple_c, layout_basic, chequers_big_river
D:2:      layout_loops_ring, serial_shops, shop, basic_altar

Skill      XL: |  1  2 |
---------------+-------+-----
Ranged Weapons | 3 |  3.5
Fighting       | 2 |  2.0
Dodging        | |  1.5
Spellcasting   | |  1.0
Hexes          | |  2.6

Action                     || total
---------------------------++-------
   Fire: Sling             ||   105
    Use: Scroll            ||     5
         Potion            ||     2
 Armour: Robe              ||     5
         Leather armour    ||     8
  Dodge: Dodged            ||    27

Table legend:
 A = Non-vault XP
 B = Vault XP
 C = Vault XP percentage of total XP
 D = Non-vault monster count
 E = Vault monster count
 F = Vault count percentage of total count
                 A         B        C        D         E       F
            +---------+---------+-------+---------+---------+-------
      Total |      66 |       0 |   0.0 |      28 |       0 |   0.0
            +---------+---------+-------+---------+---------+-------
        D:1 |      27 |       0 |   0.0 |      14 |       0 |   0.0
        D:2 |      39 |       0 |   0.0 |      14 |       0 |   0.0
            +---------+---------+-------+---------+---------+-------
